 Dungeon Crawl Stone Soup version 0.30-a0-394-g3e4acdb0ae (webtiles) character file.

Game seed: 12846877113025343043

66 p00ps00p the Trooper (level 4, -3/40 HPs)
             Began as a Hill Orc Fighter on Dec 6, 2022.
             Killed from afar by Jessica (12 damage)
             ... with a puff of flame
             ... on level 3 of the Dungeon.
             The game lasted 00:02:21 (1214 turns).

p00ps00p the Trooper (Hill Orc Fighter)             Turns: 1214, Time: 00:02:22

Health: -3/40      AC:  8    Str: 20    XL:     4   Next: 15%
Magic:  4/4        EV:  9    Int:  8    God:
Gold:   131        SH:  4    Dex: 10    Spells: 3/3 levels left

rFire   . . .      SeeInvis .    a - +0 war axe
rCold   . . .      Faith    .    c - +0 buckler
rNeg    . . .      Spirit   .    b - +0 scale mail
rPois   .          Reflect  .    (no helmet)
rElec   .          Harm     .    (no cloak)
rCorr   .          Rampage  .    e - +0 pair of gloves
Will    .....                    (no boots)
Stlth   ..........               (no amulet)
HPRegen 0.26/turn                (no ring)
MPRegen 0.09/turn                (no ring)

@: mighty
A: no striking features
a: no special abilities


You were on level 3 of the Dungeon.
You visited 1 branch of the dungeon, and saw 3 of its levels.

You collected 131 gold pieces.

Inventory:

Hand Weapons
 a - a +0 war axe (weapon)
Missiles
 k - 5 poisoned darts (quivered)
Armour
 b - a +0 scale mail (worn)
 c - a +0 buckler (worn)
 e - a +0 pair of gloves (worn)
Jewellery
 f - an amulet of guardian spirit
 j - a ring of willpower
Scrolls
 g - a scroll of amnesia
 h - 2 scrolls of enchant armour
 i - 3 scrolls of teleportation
 n - a scroll of noise {unknown}
 p - 3 scrolls of identify
 r - a scroll of immolation {unknown}
 s - a scroll of fog {unknown}
Potions
 d - a potion of might
 l - 2 potions of ambrosia {unknown}
 m - a potion of lignification {unknown}
 o - a potion of degeneration {unknown}
 q - a potion of brilliance {unknown}


   Skills:
 + Level 4.3 Fighting
 + Level 3.6 Axes
 + Level 3.9 Armour
 + Level 3.9 Shields


You had 3 spell levels left.
You didn't know any spells.
Your spell library contained the following spells:

 Spells                   Type           Power      Damage    Failure   Level
 Dazzling Flash           Conj/Hex       0%         N/A       99%         3
 Agony                    Necr           0%         N/A       100%        5
 Silence                  Hex/Air        0%         N/A       100%        5


Dungeon Overview and Level Annotations

Branches:
Dungeon (3/15)

Altars:

Shops:
D:2 !*

Annotations:
D:3 Jessica


Message History

No target in view!
No target in view!
No target in view!
No target in view!
No target in view!
No target in view!
No target in view!
Unknown command.
No target in view!
No target in view!
No target in view!
No target in view!
No target in view!
No target in view!
No target in view!
No target in view!
No target in view!
Jessica gestures wildly while chanting.
Jessica seems to speed up.
Jessica gestures at you while chanting.
You barely resist. Jessica closely misses you.
You barely miss Jessica. Jessica hits you with a +0 club.
You barely miss Jessica.
Jessica zaps a wand.
The puff of flame hits you but does no damage.
Jessica points at you and mumbles some strange words.
Pain shoots through your body!
You hit Jessica.
Jessica is heavily wounded.
Jessica points at you and mumbles some strange words.
Pain shoots through your body!
* * * LOW HITPOINT WARNING * * *
Jessica hits you with a +0 club.
* * * LOW HITPOINT WARNING * * *
You are too injured to fight recklessly!
You are too injured to fight recklessly!
You feel very mighty all of a sudden.
Jessica casts a spell.
Jessica blinks!
Jessica zaps a wand.
The puff of flame hits you!
You die...

....... .....#
#....# ..#..#
#....####......
..............
#.........##..
#..#..........
#..#...§.#
#....##..#####.
####.##...@.@.....
#....##.###.#.#.#.
#...#.##.# .....
#####.##.#######.#
#......... ..
#..##.#### .
♣♣##..##.# #
♣♣P.#..# #.#
♣♣.P....## ...#


You could see Jessica (fast).

Vanquished Creatures
  A gnoll (D:3)
  2 adders (D:2)
  5 bats
  3 endoplasms
  A giant cockroach (D:1)
  5 goblins
  3 hobgoblins
  3 jackals (D:1)
  4 kobolds (D:1)
  2 quokkas (D:1)
  2 ball pythons (D:1)
  2 frilled lizards (D:1)
  2 rats
35 creatures vanquished.

Vanquished Creatures (others)
  6 plants (D:2)
6 creatures vanquished.

Grand Total: 41 creatures vanquished

Notes
Turn   | Place    | Note
-------+----------+-------------------------------------------
     0 | D:1      | p00ps00p the Hill Orc Fighter began the quest for the Orb.
     0 | D:1      | Reached XP level 1. HP: 19/19 MP: 1/1
    72 | D:1      | Reached XP level 2. HP: 27/27 MP: 2/2
   272 | D:1      | Reached skill level 4 in Fighting
   302 | D:1      | Reached XP level 3. HP: 33/33 MP: 3/3
   491 | D:1      | Found a faded altar of an unknown god.
   491 | D:1      | Noticed a sixfirhy
   660 | D:2      | Found Efideyti's Assorted Antiques.
   708 | D:2      | Found Tainn's Distillery.
  1139 | D:3      | Reached XP level 4. HP: 32/40 MP: 4/4
  1202 | D:3      | Noticed Jessica
  1214 | D:3      | Killed from afar by Jessica

Illustrated notes

Levels and vault maps discovered:
D:1:      dpeg_arrival_rhombus, layout_loops_ring,
          dreamdust_ecumenical_altar_sealed_demon
D:2:      layout_rooms, serial_shops, nicolae_shop_overgrown_old_shop,
          nicolae_shop_trees
D:3:      layout_basic, chequers_serial_rivers_micro_a, minmay_quadrilaterals,
          uniq_jessica, uniq_crazy_yiuf_cottage, uniq_terence

Skill      XL: |  1  2 |
---------------+-------+-----
Axes           | 3 |  3.6
Fighting       | 4 |  4.3
Armour         | |  3.9
Shields        | |  3.9

Action                   |  1- 3 |  4- 6 || total
-------------------------+-------+-------++-------
Melee: War axe           |   106 |     3 ||   109
  Use: Scroll            |     4 |       ||     4
       Potion            |       |     1 ||     1
Armor: Scale mail        |    47 |     1 ||    48
Dodge: Dodged            |    61 |     1 ||    62
Block: Buckler           |    24 |       ||    24

Table legend: (Time is in decaauts)
 A = Elapsed time spent in this place.
 B = Non-inter-level travel time spent in this place.
 C = Inter-level travel time spent in this place.
 D = Time resting spent in this place.
 E = Time spent auto-exploring this place.
 F = Levels seen in this place.
 G = Mean time per level.
                   A        B        C        D        E       F      G
               +--------+--------+--------+--------+--------+-----+--------+
         Total |   1255 |   1208 |     47 |      0 |    907 |   3 |  418.3 |
       Dungeon |   1255 |   1208 |     47 |      0 |    907 |   3 |  418.3 |
               +--------+--------+--------+--------+--------+-----+--------+

Top non-repeatable levels by time:
     D:1: 658 daAuts
     D:2: 468 daAuts
     D:3: 128 daAuts
